 Dungeon Sprint DCSS version 0.18-a0-1350-g404b4cb (webtiles) character file.

125 Kidiri the Sneak (level 4, -2/20 HPs)
             Began as a Spriggan Enchanter on Feb 18, 2016.
             Slain by a neqoxec (6 damage)
             ... in the Dungeon (Sprint II: "The Violet Keep of Menkaure").
             The game lasted 00:00:25 (23 turns).

Kidiri the Sneak (Spriggan Enchanter)                 Turns: 23, Time: 00:00:25

Health: -2/20      AC:  3    Str:  4    XL:     4   Next: 82%
Magic:  6/12       EV: 22    Int: 16    God:
Gold:   0          SH:  0    Dex: 17    Spells: 1 memorised, 13 levels left

rFire  . . .     SeeInvis +     a - +1 dagger
rCold  . . .     Gourm    .     b - +1 robe
rNeg   . . .     Faith    .     (shield restricted)
rPois  .         Spirit   .     (helmet restricted)
rElec  .         Dismiss  .     (no cloak)
rCorr  .         Reflect  .     (gloves unavailable)
SustAt .         Harm     .     (boots unavailable)
MR     .....     NoTele   +     (no amulet)
Stlth  ++++......               (no ring)
                                (no ring)

@: exhausted, slowed, quick, not resistant to hostile enchantments, stealthy
A: unfitting armour, see invisible, herbivore 3, speed 3, frail 1, slow
metabolism 2, MP-powered wands
a: no special abilities


You were in the Dungeon.
You were not hungry.

You visited 1 branch

Inventory:

Hand Weapons
 a - a +1 dagger (weapon)
Armour
 b - a +1 robe (worn)
Scrolls
 j - a scroll of blinking
Potions
 e - a potion of curing
 f - a potion of heal wounds
 g - a potion of haste
 h - 2 potions of magic
Books
 c - a book of Maledictions

   Spells                             Type                      Level
   a - Corona                         Hexes                        1
   b - Ensorcelled Hibernation        Hexes/Ice                    2
   c - Confuse                        Hexes                        3
   d - Tukima's Dance                 Hexes                        3
   e - Dazzling Spray                 Conjuration/Hexes            3
Comestibles
 d - a bread ration


   Skills:
 + Level 2.0 Fighting
 * Level 4.3 Short Blades
 + Level 1.9 Armour
 * Level 6.7 Dodging
 * Level 7.6 Stealth
 * Level 5.6 Spellcasting
 + Level 4.9 Hexes


You had 13 spell levels left.
You knew the following spells:

 Your Spells              Type           Power        Failure   Level  Hunger
a - Corona                Hex            ###....      1%          1    None


Dungeon Overview and Level Annotations

Branches:
Dungeon (1/1)

Altars:


Innate Abilities, Weirdness & Mutations

You are tiny and cannot use many weapons and most armour.
You have supernaturally acute eyesight.
You are an herbivore.
You cover ground extremely quickly.
You need consume almost no food.
You are frail (-10% HP).
You expend magic power (3 MP) to strengthen your wands.


Message History

You feel frail.
You hit the neqoxec.
The neqoxec is lightly wounded.
You barely miss the neqoxec.
The neqoxec is lightly wounded.
You are no longer berserk.
You are exhausted.
You feel yourself slow down. The neqoxec gestures at you.
Strange energies course through your body.
You feel your magical essence link to your wands.
You hit the neqoxec but do no damage.
The neqoxec is lightly wounded.
The neqoxec misses you.
There is an open door here.
Unknown command.
You hit the neqoxec but do no damage.
The neqoxec is lightly wounded.
The neqoxec hits you.
You die... ## ## ##. .## nn#nn

## .$.
#.###+#
#.##.##
##3@<.+
###.##
#+#


You could see a neqoxec.

Vanquished Creatures
  A neqoxec (D)
1 creature vanquished.

Notes
Turn   | Place    | Note
--------------------------------------------------------------
     0 | D        | Kidiri the Spriggan Enchanter began the quest for the Orb.
     0 | D        | Reached XP level 1. HP: 9/9 MP: 5/5
     1 | D        | Noticed a necrophage
     1 | D        | Noticed a necrophage
     1 | D        | Noticed a necrophage
     1 | D        | Noticed a necrophage
     4 | D        | Noticed a neqoxec
     7 | D        | Noticed a quasit
    15 | D        | Killed a neqoxec
    15 | D        | Reached skill level 1 in Armour
    15 | D        | Reached skill level 6 in Dodging
    15 | D        | Reached skill level 7 in Stealth
    15 | D        | Reached skill level 5 in Spellcasting
    15 | D        | Reached XP level 2. HP: 4/15 MP: 5/9
    15 | D        | Reached XP level 3. HP: 4/18 MP: 6/11
    15 | D        | Reached XP level 4. HP: 5/23 MP: 6/12
    16 | D        | Noticed a neqoxec
    17 | D        | Gained mutation: You are frail (-10% HP). [a neqoxec]
    19 | D        | Gained mutation: You expend magic power (3 MP) to strengthen your wands. [a neqoxec]
    23 | D        | Slain by a neqoxec

Vault maps used:
D:        the_violet_keep_of_menkaure

Action                   |  1- 3 |  4- 6 || total
-------------------------+-------+-------++-------
Melee: Dagger            |     9 |     4 ||    13
  Use: Potion            |     1 |       ||     1
